 Dungeon Crawl Stone Soup version 0.20.1-1-g8b1a95d66d (webtiles) character file.

64 AtomowyNakurwiacz the Ducker (level 3, 0/28 HPs)
             Began as a Vampire Gladiator on Dec 6, 2017.
             Slain by an adder (4 damage)
             ... on level 3 of the Dungeon.
             The game lasted 00:06:24 (2235 turns).

AtomowyNakurwiacz the Ducker (Vampire Gladiator)    Turns: 2235, Time: 00:06:25

Health: 0/28       AC:  6    Str: 11 (14) XL:     3   Next: 91%
Magic:  3/3        EV: 12    Int:  9 (10) God:
Gold:   158        SH:  0    Dex: 14 (15) Spells: 2/2 levels left

rFire    . . .     SeeInvis +   a - +0 long sword
rCold    . . .     Gourm    .   (no shield)
rNeg     . . .     Faith    .   o - +0 ring mail
rPois    .         Spirit   .   c - +0 helmet
rElec    .         Reflect  .   (no cloak)
rCorr    .         Harm     .   (no gloves)
MR       .....                  (no boots)
Stlth    ..........             (no amulet)
Regen    0.3/turn               (no ring)
MPRegen  0.1/turn               (no ring)

@: confused, regenerating quickly
A: fangs 3, see invisible, unbreathing
a: no special abilities


You were on level 3 of the Dungeon.
You were full.

You visited 1 branch of the dungeon, and saw 3 of its levels.

You collected 158 gold pieces.

Inventory:

Hand Weapons
 a - a +0 long sword (weapon)
 f - a +0 hunting sling
 q - a +0 spear of piercing
Missiles
 d - 3 throwing nets (quivered)
Armour
 b - a +0 leather armour
 c - a +0 helmet (worn)
 o - a +0 ring mail (worn)
Scrolls
 g - 4 scrolls of fear {unknown}
 h - a scroll of noise {unknown}
 i - 3 scrolls of remove curse {unknown}
 k - a scroll of recharging {unknown}
 l - a scroll of teleportation {unknown}
 p - a scroll of amnesia {unknown}
 s - a scroll of magic mapping {unknown}
Potions
 e - 12 potions of blood
 j - a potion of haste
 m - a potion of lignification {unknown}
 n - 2 potions of brilliance {unknown}
Books
 r - a book of Misfortune

   Spells                             Type                      Level
   a - Confusing Touch                Hexes                        1
   b - Confuse                        Hexes                        3
   c - Gell's Gravitas                Translocation                3
   d - Petrify                        Transmutation/Earth          4
   e - Metabolic Englaciation         Hexes/Ice                    5
   f - Yara's Violent Unravelling     Hexes/Transmutation          5


   Skills:
 * Level 2.9 Fighting
 + Level 3.4 Long Blades
 - Level 1.5 Throwing
 + Level 4.1 Dodging


You had 2 spell levels left.
You didn't know any spells.

Dungeon Overview and Level Annotations

Branches:
Dungeon (3/15)

Altars:
Ashenzari

Annotations:
D:3 Ijyb


Innate Abilities, Weirdness & Mutations

Your natural rate of healing is unusually fast.
You have razor-sharp teeth.
You have supernaturally acute eyesight. (SInv)
You can survive without breathing.


Message History

You bump into the rock wall.
The orc barely misses you. Ijyb closely misses you.
The orc wizard closely misses you.
You hit the orc wizard.
The orc wizard is moderately wounded.
The orc wizard casts a spell at you. The magic dart hits you!
* * * LOW HITPOINT WARNING * * *
The orc barely misses you. Ijyb barely misses you.
The orc wizard casts a spell.
The orc wizard blinks!
The orc misses you.
You barely miss the adder. Ijyb closely misses you.
The orc wizard mumbles some strange words.
The orc wizard blinks!
The adder closely misses you. The orc barely misses you.
Ijyb barely misses you.
You hit Ijyb but do no damage. You bite Ijyb.
Ijyb is severely wounded.
The adder misses you. The orc hits you but does no damage.
The adder closely misses you.
Ijyb zaps a wand.
You resist with some effort.
You bump into the rock wall.
The adder bites you.
You die...

#..♣ ..#.#
#..♣# ..#.#
#...♣♣♣....
#
#........#.(
#ggg######
##g## #g#
#g# #@#
#oSoo....
###o.....
...... .....
..... ....
....


You could see Ijyb, an orc wizard (invisible), an adder, 3 orcs and 5 goblins.

Vanquished Creatures
  2 adders (D:2)
  A worm (D:2)
  A dart slug (D:1)
  3 giant cockroaches
  5 goblins
  6 hobgoblins
  2 jackals (D:1)
  3 kobolds
  A quokka (D:2)
  6 bats
  4 frilled lizards
  6 rats (D:1)
40 creatures vanquished.

Notes
Turn   | Place    | Note
-------+----------+-------------------------------------------
     0 | D:1      | AtomowyNakurwiacz the Vampire Gladiator began the quest for the Orb.
     0 | D:1      | Reached XP level 1. HP: 16/16 MP: 1/1
   289 | D:1      | Reached XP level 2. HP: 10/22 MP: 2/2
  1397 | D:2      | Reached XP level 3. HP: 28/28 MP: 3/3
  1502 | D:2      | Reached skill level 4 in Dodging
  1610 | D:2      | Found a shattered altar of Ashenzari.
  2160 | D:3      | Noticed Ijyb
  2235 | D:3      | Slain by an adder

Skill      XL: |  1  2  3 |
---------------+----------+-----
Fighting       | 2 |  2.9
Dodging        | 4 |  4.1
Long Blades    | |  3.4
Throwing       | |  1.5

Action                   || total
-------------------------++-------
Melee: Long sword        ||   145
       Bite              ||    17
  Use: Potion            ||    12
 Stab: Sleeping          ||     1
Armor: Leather armour    ||    30
       Ring mail         ||    48
Dodge: Dodged            ||   166
       Rpst.: Long sword ||    39
